 Dungeon Crawl Stone Soup version 0.27.1-33-g824d729ab1 (webtiles) character file.

Game seed: 5120211979268464117

183 spiecas the Poker (level 5, -7/39 HPs)
             Began as a Merfolk Gladiator on Dec 22, 2021.
             Shot with an arrow by a centaur (14 damage)
             ... on level 3 of the Dungeon.
             The game lasted 00:19:01 (3709 turns).

spiecas the Poker (Merfolk Gladiator)               Turns: 3709, Time: 00:19:01

Health: -7/39      AC:  4    Str: 14    XL:     5   Next: 62%
Magic:  5/5        EV: 13    Int:  7    God:
Gold:   17         SH:  0    Dex: 17    Spells: 4/4 levels left

rFire    . . .     SeeInvis .   a - +0 trident
rCold    . . .     Faith    .   (no shield)
rNeg     + . .     Spirit   .   b - +0 leather armour
rPois    +         Reflect  .   c - +0 helmet
rElec    .         Harm     .   (no cloak)
rCorr    .         Rampage  .   (no gloves)
Will     .....                  (no boots)
Stlth    ++........             (no amulet)
HPRegen  0.13/turn              n - ring of poison resistance
MPRegen  0.09/turn              o - ring of positive energy

@: no status effects
A: (nimble swimmer 2), mertail
a: no special abilities


You were on level 3 of the Dungeon.
You visited 1 branch of the dungeon, and saw 3 of its levels.

You collected 105 gold pieces.
You spent 88 gold pieces at shops.

Inventory:

Hand Weapons
 a - a +0 trident (weapon)
 e - a +0 short sword
Missiles
 d - 2 throwing nets
 g - 41 stones
Armour
 b - a +0 leather armour (worn)
 c - a +0 helmet (worn)
 l - a +0 ring mail
Jewellery
 n - a ring of poison resistance (left hand)
 o - a ring of positive energy (right hand)
Potions
 f - a potion of magic
 i - a potion of berserk rage
 j - a potion of brilliance
 m - a potion of mutation {unknown}
 p - a potion of invisibility {unknown}
 q - a potion of lignification
 r - a potion of haste {unknown}


   Skills:
 + Level 2.6 Fighting
 - Level 3.2 Short Blades
 + Level 5.3 Polearms
 + Level 2.4 Throwing
 + Level 1.3 Armour
 + Level 4.5 Dodging
 * Level 1.8 Stealth


You had 4 spell levels left.
You didn't know any spells.
Your spell library contained the following spells:

 Spells                   Type           Power      Damage    Failure   Level
 Conjure Flame            Conj/Fire      0%         6-21      86%         3
 Ignite Poison            Fire/Tmut/Pois 0%         N/A       86%         3
 Sticky Flame             Conj/Fire      0%         2d3       99%         4


Dungeon Overview and Level Annotations

Branches:
Dungeon (3/15)

Altars:
Dithmenos
Wu Jian

Shops:
D:1 [   D:2 [?:


Innate Abilities, Weirdness & Mutations

((You are quick and stealthy near water. (Stealth+, EV+, Speed+++)))
Your lower body shifts to a powerful aquatic tail in water.


Message History

You puncture the adder!
You kill the adder!
You open the door.
There is an open door here.
There is an open door here.
g - 41 stones (gained 1)
Found a stone staircase leading down.
Things that are here:
a +0 club; a +0 plate armour; an orc corpse
Items here: )) [[ †.
You see here a +0 hand axe.
Found a ruby potion.
r - a ruby potion Your legs become a tail as you enter the water.
A centaur comes into view.
Non-targeted drink: potion of degeneration
Press: ? - help, Q - select action, (/) - cycle Dir - look around, f - activate
Okay, then.
Non-targeted drink: potion of degeneration
Press: ? - help, Q - select action, (/) - cycle Dir - look around, f - activate Look: a centaur, quivering arrows (asleep) Why would you want to do that?
Drop what? 18/52 slots (_ for help) (? for menu, Esc to quit)
You drop a potion of degeneration.
The centaur shouts!
The centaur wields a +0 shortbow.
The centaur shoots an arrow.
The arrow hits you!
The centaur shoots an arrow.
The arrow misses you.
The centaur shoots an arrow.
The arrow hits you.
The centaur shoots an arrow.
The arrow completely misses you.
The centaur shoots an arrow.
The arrow hits you.
The centaur shoots an arrow.
The arrow hits you.
As you read the scroll of fog, it crumbles to dust.
The scroll dissolves into smoke.
The centaur shoots an arrow.
The arrow hits you.
The centaur shoots an arrow.
The arrow misses you.
The centaur shoots an arrow.
The arrow hits you.
The centaur shoots an arrow.
The arrow hits you.
* * * LOW HITPOINT WARNING * * *
The centaur shoots an arrow.
The arrow hits you!
You die...

.# #.#####§#.≈≈♣♣P≈≈≈.#.#.# .#
#.# #§#§P♣♣♣♣♣P≈P..#.# .# #.#
#§§P≈♣ ♣♣≈P###.# .# #c#
#§§P§♣♣♣♣♣♣≈P# #.# .# #.#
#c#§§§≈P≈♣≈P.# #.# .#
#.#####§#..P≈P≈P≈P.# #.#
≈##########...#.#...PPP≈##.# #.#
≈≈.......'..#.#.#.##.PP#...###.##
.........'......@....>..........#
≈≈..)....'.##..##.###.###......##
≈#########.....................#
.# ####..##.###.###.####### .#
#..##...............# .#
#..######.###.####.## .##.###.#
#..# #.<.....^#.#
.#......#####..# #..###.###.#
.#.........##..######..#.......#


You could see a centaur.

Vanquished Creatures
  2 orc wizards (D:3)
  8 adders
  A worm (D:3)
  2 dart slugs
  3 orcs (D:3)
  3 endoplasms
  2 giant cockroaches
  7 goblins
  5 hobgoblins
  2 quokkas
  4 ball pythons
  4 bats
  6 kobolds
  4 rats
53 creatures vanquished.

Notes
Turn   | Place    | Note
-------+----------+-------------------------------------------
     0 | D:1      | spiecas the Merfolk Gladiator began the quest for the Orb.
     0 | D:1      | Reached XP level 1. HP: 16/16 MP: 1/1
   258 | D:1      | Reached XP level 2. HP: 17/22 MP: 2/2
   261 | D:1      | Reached skill level 1 in Short Blades
   327 | D:1      | Found Zaunick's Armour Shop.
  1509 | D:2      | Found Reng's Book Boutique.
  1522 | D:2      | Reached XP level 3. HP: 20/27 MP: 3/3
  1605 | D:2      | Found an ornate altar of the Wu Jian Council.
  1897 | D:2      | Found Ukki's Magic Scroll Boutique.
  1924 | D:2      | Bought a scroll of identify for 22 gold pieces
  1924 | D:2      | Bought a scroll of identify for 22 gold pieces
  1924 | D:2      | Bought a scroll of identify for 22 gold pieces
  1935 | D:2      | Reached XP level 4. HP: 25/33 MP: 4/4
  2334 | D:2      | Found a faded altar of an unknown god.
  2378 | D:2      | Found Rekhlena's Antique Armour Emporium.
  2688 | D:2      | Bought a scroll of identify for 22 gold pieces
  2999 | D:3      | Reached skill level 5 in Polearms
  2999 | D:3      | Reached skill level 1 in Stealth
  3121 | D:3      | Found a shadowy altar of Dithmenos.
  3162 | D:3      | Reached skill level 1 in Armour
  3162 | D:3      | Reached XP level 5. HP: 18/39 MP: 5/5
  3691 | D:3      | Noticed a centaur
  3709 | D:3      | Shot with an arrow by a centaur

Illustrated notes

Levels and vault maps discovered:
D:1:      dpeg_arrival_rhombus, layout_basic, serial_shops, shop, serial_glass,
          glass_columns_c, glass_columns_a, due_unseen_surprise
D:2:      layout_rooms, serial_shops, shop, shop, shop, basic_altar,
          ebering_ecumenical_altar_petrified, columned_hall_lemuel
D:3:      layout_basic, mainiacjoe_overflow_catwalk, nrook_loot_triangle,
          minivault_5, serial_bayou_pond_c, serial_bayou_pond_c,
          kennysheep_cross_bottleneck

Skill      XL: |  1  2  3  4 |
---------------+-------------+-----
Short Blades   | 2 3 |  3.2
Polearms       | 5 |  5.3
Stealth        | 1 |  1.8
Armour         | 1 |  1.3
Fighting       | |  2.6
Throwing       | |  2.4
Dodging        | |  4.5

Action                   |  1- 3 |  4- 6 || total
-------------------------+-------+-------++-------
Melee: Trident           |    22 |   104 ||   126
       Short sword       |    67 |       ||    67
Throw: Stone             |    25 |    68 ||    93
       Throwing net      |     2 |       ||     2
  Use: Scroll            |     6 |     5 ||    11
 Stab: Held in net/web   |     1 |       ||     1
Armor: Leather armour    |    24 |    36 ||    60
Dodge: Dodged            |    66 |    61 ||   127
